Islanders vs Penguins
Created - April 29, 2025 at 19:21
Goals
|
| Islanders |
0 |
1 |
0 |
1 |
| Penguins |
2 |
1 |
2 |
5 |
|
Shots
|
| Islanders |
11 |
11 |
5 |
27 |
| Penguins |
11 |
5 |
11 |
27 |
|
1st period
1. Penguins , John Tavares 35 (Jakub Voracek 36, Kirill Kaprizov 22) at 5:13
2. Penguins , Pavel Zacha 22 (Mark Scheifele 46) at 15:20
Penalties :
Mark Scheifele (Pit) for Hooking (Minor) at 16:31, Ryan Ellis (NyI) for Holding Stick (Minor) at 19:16
2nd period
3. Islanders , Brock McGinn 28 (Brayden Schenn 53, Yann Sauvé 16) at 9:56
4. Penguins , Brandon Tanev 10 (Adam Fox 26, Oscar Klefbom 33) at 15:26
Penalties :
Brock McGinn (NyI) for Tripping (Minor) at 0:23, John Tavares (Pit) for Tripping (Minor) at 6:09, Ryan Ellis (NyI) for Delaying the game (Minor) at 12:37, Adam Fox (Pit) for High sticking (Minor) at 16:47
3rd period
5. Penguins , Brandon Tanev 11 (Adam Fox 27) at 4:27
6. Penguins , Oscar Klefbom 4 (Adam Fox 28) at 5:30 (PP)
Penalties :
Adam Fox (Pit) for Interference (Minor) at 2:01, Vladimir Tarasenko (NyI) for Roughing (Minor) at 5:17, John Tavares (Pit) for Slashing (Minor) at 5:37, Emerson Etem (NyI) for Interference (Minor) at 7:59, Brian Ferlin (NyI) for Tripping (Minor) at 16:00
Goalie Stats
John Gibson (NyI), 22 saves from 27 shots - (0.815), L, 24-26-5, 60:00 minutes
Ondrej Pavelec (Pit), 26 saves from 27 shots - (0.963), W, 17-14-3, 60:00 minutes
Players Stats for Islanders
Player Name G A P +/- PIM S H SB GA TA FO MP PP MP PK MP
------------------------------------------------------------------------------------
Brandon Sutter 0 0 0 -1 0 2 2 2 1 1 3/6 18:22 4:22 3:39
Brayden Schenn 0 1 1 -1 0 3 3 2 1 0 21/40 22:56 5:33 5:09
Brian Ferlin 0 0 0 -1 2 0 1 0 0 0 0/0 7:55 0:00 0:00
Brock McGinn 1 0 1 -1 2 1 0 0 0 0 0/0 21:44 5:22 4:00
Dylan McIlrath 0 0 0 0 0 3 3 3 0 1 0/0 12:35 0:00 1:19
Emerson Etem 0 0 0 0 2 2 3 0 0 0 0/0 13:49 0:00 1:46
Gabriel Carlsson 0 0 0 0 0 1 1 1 0 0 0/0 11:59 0:00 0:43
Garnet Hathaway 0 0 0 -1 0 3 0 0 0 0 0/0 13:31 4:22 0:00
Jamie Arniel 0 0 0 -1 0 0 1 0 0 0 0/0 7:50 0:00 0:34
Jason Akeson 0 0 0 0 0 4 1 0 0 0 0/0 10:58 0:00 0:00
Kellan Lain 0 0 0 -1 0 0 0 1 0 0 0/0 16:19 4:22 2:18
Kevin Shattenkirk 0 0 0 -2 0 1 0 0 0 0 0/0 27:36 5:47 5:05
Michael Latta 0 0 0 0 0 0 0 1 0 0 1/4 11:09 0:11 0:00
Nikita Zadorov 0 0 0 0 0 2 0 0 0 2 0/0 20:52 4:08 3:56
Ryan Ellis 0 0 0 -3 4 1 2 0 1 1 0/0 24:55 5:47 2:23
Sergei Plotnikov 0 0 0 -1 0 0 0 0 1 0 0/0 7:26 0:00 0:12
Vladimir Tarasenko 0 0 0 -1 2 4 1 0 4 0 1/1 17:46 5:33 0:00
Yann Sauvé 0 1 1 -1 0 0 1 1 0 1 0/0 22:04 4:08 5:07
Players Stats for Penguins
Player Name G A P +/- PIM S H SB GA TA FO MP PP MP PK MP
------------------------------------------------------------------------------------
Adam Fox 0 3 3 3 4 2 3 1 1 1 0/0 24:48 5:06 2:18
Brandon Tanev 2 0 2 2 0 4 2 0 0 0 0/0 12:00 0:00 3:35
Brock Nelson 0 0 0 1 0 0 0 0 1 0 0/0 9:21 0:16 1:40
Gavin Bayreuther 0 0 0 0 0 0 0 1 0 0 0/0 10:50 0:00 0:00
Jakub Voracek 0 1 1 0 0 1 1 1 1 0 0/1 18:33 5:08 0:00
John Tavares 1 0 1 0 4 1 1 1 0 0 10/22 20:56 5:14 1:53
Keith Aulie 0 0 0 0 0 1 2 0 2 3 0/0 23:44 4:10 6:16
Kirill Kaprizov 0 1 1 0 0 0 3 0 0 0 1/1 18:15 5:05 0:00
Marcus Foligno 0 0 0 1 0 0 1 1 0 1 0/0 13:57 0:00 5:26
Mark Scheifele 0 1 1 1 2 5 2 0 0 0 0/2 15:40 3:55 0:00
Mathew Barzal 0 0 0 0 0 0 0 0 0 0 0/0 6:29 0:13 0:00
Max Reinhart 0 0 0 0 0 0 0 0 0 2 3/9 12:58 0:07 5:27
Nick Blankenburg 0 0 0 0 0 2 1 1 0 0 0/0 12:50 0:00 1:45
Nick Leddy 0 0 0 0 0 2 0 2 0 1 0/0 20:53 4:10 3:56
Oscar Klefbom 1 1 2 3 0 2 1 0 1 0 0/0 27:36 5:06 5:35
Pavel Zacha 1 0 1 1 0 4 0 0 0 0 0/0 15:38 3:55 0:00
Sam Gagner 0 0 0 1 0 1 1 0 0 0 6/7 9:41 0:00 1:46
Sebastian Aho 0 0 0 2 0 2 3 0 0 0 5/9 15:51 3:55 0:03
3 Stars
1 - Brandon Tanev (Pit)
2 - Oscar Klefbom (Pit)
3 - Adam Fox (Pit)
Power Play
Islanders - 0 on 5 Attempt(s) - 0.00%
Penguins - 1 on 6 Attempt(s) - 16.67%
Penalty Kill
Islanders - 5 on 6 Attempt(s) - 83.33%
- Score 0 goal in Penalty Kill
Penguins - 5 on 5 Attempt(s) - 100.00%
- Score 0 goal in Penalty Kill
Team Stat
Islanders - Hits : 19 - Faceoff Wins : 26 - Blocked Shots : 11 - Penalty Minutes : 12
Penguins - Hits : 21 - Faceoff Wins : 25 - Blocked Shots : 8 - Penalty Minutes : 10
Official
Referees : Jacob Brenk and Frederick L'Ecuyer
Linesman : Derek Amell and Scott Cherrey
Game Notes
No Game Note
Finance
Level 1 -- Attendance: 5493 (91.55%) -- Ticket Income $549,300
Level 2 -- Attendance: 4814 (96.28%) -- Ticket Income $336,980
Level 3 -- Attendance: 1916 (95.80%) -- Ticket Income $76,640
Level 4 -- Attendance: 4000 (100.00%) -- Ticket Income $120,000
Luxury Box -- Attendance: 1000 (100.00%) -- Ticket Income $200,000
Game was played at the PPG Paint Arena.
Total Attendance: 17223 (95.68%)
Total Ticket Income: $1,282,920
Other Income: $192,438
Total Income: $1,475,358
Islanders
5 vs 5 Forward
Center Left Wing Right Wing Time % Phy DF OF
1 Brayden Schenn Brock McGinn Vladimir Tarasenko 40 1 2 2
2 Brandon Sutter Kellan Lain Garnet Hathaway 30 1 2 2
3 Michael Latta Emerson Etem Jason Akeson 20 1 2 2
4 Jamie Arniel Sergei Plotnikov Brian Ferlin 10 1 2 2
5 vs 5 Defense
Defense Defense Time % Phy DF OF
1 Ryan Ellis Kevin Shattenkirk 40 1 2 2
2 Nikita Zadorov Yann Sauvé 30 1 2 2
3 Dylan McIlrath Gabriel Carlsson 20 1 2 2
4 Ryan Ellis Kevin Shattenkirk 10 1 2 2
PowerPlay Forward
Center Left Wing Right Wing Time % Phy DF OF
1 Brayden Schenn Brock McGinn Vladimir Tarasenko 60 1 2 2
2 Brandon Sutter Kellan Lain Garnet Hathaway 40 1 2 2
PowerPlay Defense
Defense Defense Time % Phy DF OF
1 Ryan Ellis Kevin Shattenkirk 60 1 2 2
2 Nikita Zadorov Yann Sauvé 40 1 2 2
Penalty Kill 4 Players Forward
Center Wing Time % Phy DF OF
1 Brayden Schenn Brock McGinn 60 1 2 2
2 Brandon Sutter Kellan Lain 40 1 2 2
Penalty Kill 4 Players Defense
Defense Defense Time % Phy DF OF
1 Ryan Ellis Kevin Shattenkirk 60 1 2 2
2 Nikita Zadorov Yann Sauvé 40 1 2 2
Penalty Kill - 3 Players Forward
Forward Time % Phy DF OF
1 Brayden Schenn 60 1 2 2
2 Brandon Sutter 40 1 2 2
Penalty Kill - 3 Players Defense
Defense Defense Time % Phy DF OF
1 Ryan Ellis Kevin Shattenkirk 60 1 2 2
2 Nikita Zadorov Yann Sauvé 40 1 2 2
4 vs 4 Forward
Center Wing Time % Phy DF OF
1 Brayden Schenn Brock McGinn 60 1 2 2
2 Brandon Sutter Kellan Lain 40 1 2 2
4 vs 4 Defense
Defense Defense Time % Phy DF OF
1 Ryan Ellis Kevin Shattenkirk 60 1 2 2
2 Nikita Zadorov Yann Sauvé 40 1 2 2
Last Minutes Offensive
Center Left Wing Right Wing Defense Defense
Brayden Schenn Brock McGinn Vladimir Tarasenko Ryan Ellis Kevin Shattenkirk
Last Minutes Defensive
Center Left Wing Right Wing Defense Defense
Brayden Schenn Brock McGinn Vladimir Tarasenko Ryan Ellis Kevin Shattenkirk
Goaltenders
Starting : John Gibson
Backup : Maxime Daigneault
Extra Forwards
Normal : Brandon Sutter, Michael Latta, Garnet Hathaway - PP : Brandon Sutter, Michael Latta - PK : Brandon Sutter
Extra Defensemen
Normal : Yann Sauvé, Dylan McIlrath, Gabriel Carlsson - PP : Yann Sauvé - PK : Yann Sauvé, Dylan McIlrath
Penalty Shots
Vladimir Tarasenko, Brayden Schenn, Brock McGinn, Kellan Lain, Brandon Sutter
Custom OT Lines Forwards
Vladimir Tarasenko, Brayden Schenn, Brock McGinn, Kellan Lain, Brandon Sutter, Michael Latta, Garnet Hathaway, Jason Akeson, Emerson Etem, Jamie Arniel
Custom OT Lines Defensemen
Ryan Ellis, Kevin Shattenkirk, Nikita Zadorov, Yann Sauvé, Dylan McIlrath
Scratches
Jordan Greenway (Healthy), Pavel Kraskovsky (Healthy)
Penguins
5 vs 5 Forward
Center Left Wing Right Wing Time % Phy DF OF
1 John Tavares Kirill Kaprizov Jakub Voracek 40 1 2 2
2 Sebastian Aho Pavel Zacha Mark Scheifele 30 1 2 2
3 Sam Gagner Marcus Foligno Brandon Tanev 20 1 2 2
4 Max Reinhart Brock Nelson Mathew Barzal 10 1 2 2
5 vs 5 Defense
Defense Defense Time % Phy DF OF
1 Oscar Klefbom Adam Fox 45 1 2 2
2 Keith Aulie Nick Leddy 35 1 2 2
3 Gavin Bayreuther Nick Blankenburg 20 1 2 2
4 Oscar Klefbom Keith Aulie 0 1 2 2
PowerPlay Forward
Center Left Wing Right Wing Time % Phy DF OF
1 John Tavares Kirill Kaprizov Jakub Voracek 60 0 2 3
2 Sebastian Aho Pavel Zacha Mark Scheifele 40 0 2 3
PowerPlay Defense
Defense Defense Time % Phy DF OF
1 Oscar Klefbom Adam Fox 60 0 2 3
2 Keith Aulie Nick Leddy 40 0 2 3
Penalty Kill 4 Players Forward
Center Wing Time % Phy DF OF
1 Max Reinhart Marcus Foligno 60 1 3 1
2 John Tavares Brandon Tanev 40 1 3 1
Penalty Kill 4 Players Defense
Defense Defense Time % Phy DF OF
1 Oscar Klefbom Keith Aulie 60 1 3 1
2 Adam Fox Nick Leddy 40 1 3 1
Penalty Kill - 3 Players Forward
Forward Time % Phy DF OF
1 Max Reinhart 60 1 3 1
2 John Tavares 40 1 3 1
Penalty Kill - 3 Players Defense
Defense Defense Time % Phy DF OF
1 Oscar Klefbom Keith Aulie 60 1 3 1
2 Adam Fox Nick Leddy 40 1 3 1
4 vs 4 Forward
Center Wing Time % Phy DF OF
1 John Tavares Jakub Voracek 60 1 2 2
2 Sebastian Aho Mark Scheifele 40 1 2 2
4 vs 4 Defense
Defense Defense Time % Phy DF OF
1 Oscar Klefbom Adam Fox 60 1 2 2
2 Keith Aulie Nick Leddy 40 1 2 2
Last Minutes Offensive
Center Left Wing Right Wing Defense Defense
John Tavares Kirill Kaprizov Jakub Voracek Oscar Klefbom Adam Fox
Last Minutes Defensive
Center Left Wing Right Wing Defense Defense
John Tavares Marcus Foligno Mark Scheifele Oscar Klefbom Keith Aulie
Goaltenders
Starting : Ondrej Pavelec
Backup : Jeremy Swayman
Extra Forwards
Normal : John Tavares, Sebastian Aho, Sam Gagner - PP : John Tavares, Sebastian Aho - PK : Brandon Tanev
Extra Defensemen
Normal : Oscar Klefbom, Keith Aulie, Nick Blankenburg - PP : Adam Fox - PK : Oscar Klefbom, Adam Fox
Penalty Shots
John Tavares, Mark Scheifele, Pavel Zacha, Sebastian Aho, Kirill Kaprizov
Custom OT Lines Forwards
John Tavares, Mark Scheifele, Jakub Voracek, Pavel Zacha, Sebastian Aho, Kirill Kaprizov, Sam Gagner, Mathew Barzal, Marcus Foligno, Brandon Tanev
Custom OT Lines Defensemen
Oscar Klefbom, Adam Fox, Keith Aulie, Nick Leddy, Gavin Bayreuther
Scratches
Colin Wilson (Healthy)
% Time on Ice - Islanders
Lines # - Real PCT - Wanted PCT - Time Play
Normal Forward
1 - 35% - 40% - 14:10
2 - 21% - 30% - 8:27
3 - 27% - 20% - 10:58
4 - 18% - 10% - 7:14
Normal Defense
1 - 38% - 40% - 15:23
2 - 31% - 30% - 12:35
3 - 28% - 20% - 11:16
4 - 4% - 10% - 1:35
PP Forward
1 - 56% - 60% - 5:33
2 - 44% - 40% - 4:22
PP Defense
1 - 58% - 60% - 5:47
2 - 42% - 40% - 4:08
PK Forward
1 - 83% - 60% - 6:59
2 - 17% - 40% - 1:25
PK Defense
1 - 59% - 60% - 4:56
2 - 41% - 40% - 3:28
PK3 Forward
1 - 65% - 60% - 0:34
2 - 35% - 40% - 0:18
PK3 Defense
1 - 100% - 60% - 0:52
2 - 0% - 40% - 0:00
44 Forward
1 - 0% - 60%
2 - 0% - 40%
44 Defense
1 - 0% - 60%
2 - 0% - 40%
Last Minute Offensive - 0:00
Last Minute Defensive - 0:00
Total
Forward - 60:00
Defense - 60:00
|
% Time on Ice - Penguins
Lines # - Real PCT - Wanted PCT - Time Play
Normal Forward
1 - 39% - 40% - 16:06
2 - 29% - 30% - 11:43
3 - 19% - 20% - 7:55
4 - 12% - 10% - 5:05
Normal Defense
1 - 40% - 45% - 16:11
2 - 33% - 35% - 13:18
3 - 27% - 20% - 10:50
4 - 1% - 0% - 0:30
PP Forward
1 - 58% - 60% - 5:21
2 - 42% - 40% - 3:55
PP Defense
1 - 55% - 60% - 5:06
2 - 45% - 40% - 4:10
PK Forward
1 - 73% - 60% - 7:15
2 - 27% - 40% - 2:40
PK Defense
1 - 54% - 60% - 5:23
2 - 46% - 40% - 4:32
PK3 Forward
1 - 0% - 60%
2 - 0% - 40%
PK3 Defense
1 - 0% - 60%
2 - 0% - 40%
44 Forward
1 - 0% - 60%
2 - 0% - 40%
44 Defense
1 - 0% - 60%
2 - 0% - 40%
Last Minute Offensive - 0:00
Last Minute Defensive - 0:00
Total
Forward - 60:00
Defense - 60:00
|
Play-by-Play
1st period
0:01 of 1st period - John Tavares wins face-off versus Brayden Schenn in neutral zone.
0:33 of 1st period - Wrist shot by Brandon Sutter.
0:33 of 1st period - Shot Misses the Net.
0:38 of 1st period - Icing by Oscar Klefbom.
0:39 of 1st period - Michael Latta wins face-off versus Sebastian Aho in Penguins zone.
0:52 of 1st period - Snap shot by Mark Scheifele.
0:52 of 1st period - Shot Misses the Net.
0:54 of 1st period - Slapshot by Oscar Klefbom.
0:54 of 1st period - Stopped by John Gibson with a rebound.
0:56 of 1st period - Slapshot by Sebastian Aho.
0:56 of 1st period - Shot Misses the Net.
0:58 of 1st period - Wrist shot by Mark Scheifele.
0:58 of 1st period - Shot Blocked by Michael Latta.
1:12 of 1st period - Snap shot by Mark Scheifele.
1:12 of 1st period - Stopped by John Gibson without a rebound.
1:13 of 1st period - Sam Gagner wins face-off versus Brayden Schenn in Islanders zone.
1:18 of 1st period - Snap shot by Sam Gagner.
1:18 of 1st period - Deflect By Brandon Tanev.
1:18 of 1st period - Stopped by John Gibson without a rebound.
1:19 of 1st period - Sam Gagner wins face-off versus Brayden Schenn in Islanders zone.
2:32 of 1st period - Snap shot by Jason Akeson.
2:32 of 1st period - Stopped by Ondrej Pavelec with a rebound.
3:18 of 1st period - Snap shot by Garnet Hathaway.
3:18 of 1st period - Shot Misses the Net.
3:20 of 1st period - Backhand shot by Yann Sauvé.
3:20 of 1st period - Shot Misses the Net.
4:57 of 1st period - Wrist shot by Mathew Barzal.
4:57 of 1st period - Shot Misses the Net.
4:59 of 1st period - Slapshot by Keith Aulie.
4:59 of 1st period - Deflect By Ryan Ellis.
4:59 of 1st period - Stopped by John Gibson without a rebound.
5:00 of 1st period - Kirill Kaprizov wins face-off versus Brayden Schenn in Islanders zone.
5:11 of 1st period - Wrist shot by Jakub Voracek.
5:11 of 1st period - Shot Misses the Net.
5:13 of 1st period - Snap shot by John Tavares.
5:13 of 1st period - Goal by John Tavares - Islanders : 0 - Penguins : 1.
5:14 of 1st period - Brayden Schenn wins face-off versus John Tavares in neutral zone.
5:38 of 1st period - Icing by John Tavares.
5:39 of 1st period - Brandon Sutter wins face-off versus John Tavares in Penguins zone.
5:40 of 1st period - Snap shot by Garnet Hathaway.
5:40 of 1st period - Stopped by Ondrej Pavelec without a rebound.
5:41 of 1st period - Brandon Sutter wins face-off versus Mark Scheifele in Penguins zone.
5:42 of 1st period - Snap shot by Garnet Hathaway.
5:42 of 1st period - Stopped by Ondrej Pavelec with a rebound.
5:44 of 1st period - Snap shot by Brandon Sutter.
5:44 of 1st period - Shot Misses the Net.
5:46 of 1st period - Snap shot by Brandon Sutter.
5:46 of 1st period - Stopped by Ondrej Pavelec without a rebound.
5:47 of 1st period - Sebastian Aho wins face-off versus Brandon Sutter in Penguins zone.
5:54 of 1st period - Slapshot by Pavel Zacha.
5:54 of 1st period - Shot Blocked by Kellan Lain.
6:22 of 1st period - Snap shot by Jakub Voracek.
6:22 of 1st period - Shot Blocked by Brayden Schenn.
6:24 of 1st period - Slapshot by Nick Blankenburg.
6:24 of 1st period - Stopped by John Gibson with a rebound.
7:14 of 1st period - Slapshot by Nick Leddy.
7:14 of 1st period - Deflect By Pavel Zacha.
7:14 of 1st period - Stopped by John Gibson without a rebound.
7:15 of 1st period - Sebastian Aho wins face-off versus Brandon Sutter in Islanders zone.
7:30 of 1st period - Wrist shot by Garnet Hathaway.
7:30 of 1st period - Stopped by Ondrej Pavelec without a rebound.
7:31 of 1st period - John Tavares wins face-off versus Brayden Schenn in Penguins zone.
8:50 of 1st period - Snap shot by Mathew Barzal.
8:50 of 1st period - Shot Blocked by Yann Sauvé.
8:52 of 1st period - Snap shot by Nick Leddy.
8:52 of 1st period - Stopped by John Gibson with a rebound.
9:51 of 1st period - Snap shot by Jason Akeson.
9:51 of 1st period - Shot Misses the Net.
10:12 of 1st period - Yann Sauvé is hit by John Tavares.
10:40 of 1st period - Kirill Kaprizov is hit by Emerson Etem and loses puck.
10:59 of 1st period - Snap shot by Jason Akeson.
10:59 of 1st period - Stopped by Ondrej Pavelec with a rebound.
11:01 of 1st period - Backhand shot by Jason Akeson.
11:01 of 1st period - Stopped by Ondrej Pavelec with a rebound.
11:03 of 1st period - Slapshot by Gabriel Carlsson.
11:03 of 1st period - Stopped by Ondrej Pavelec with a rebound.
11:44 of 1st period - Kirill Kaprizov is hit by Jason Akeson.
12:02 of 1st period - Wrist shot by Emerson Etem.
12:02 of 1st period - Shot Misses the Net.
12:08 of 1st period - Wrist shot by Jakub Voracek.
12:08 of 1st period - Shot Misses the Net.
12:30 of 1st period - Kirill Kaprizov is hit by Dylan McIlrath and loses puck.
12:47 of 1st period - Snap shot by Emerson Etem.
12:47 of 1st period - Stopped by Ondrej Pavelec without a rebound.
12:48 of 1st period - Sebastian Aho wins face-off versus Brayden Schenn in Penguins zone.
13:15 of 1st period - Kevin Shattenkirk is hit by Brandon Tanev and loses puck.
13:24 of 1st period - Wrist shot by Sam Gagner.
13:24 of 1st period - Shot Blocked by Brandon Sutter.
13:26 of 1st period - Slapshot by Nick Leddy.
13:26 of 1st period - Stopped by John Gibson without a rebound.
13:27 of 1st period - Brayden Schenn wins face-off versus Mark Scheifele in Islanders zone.
14:21 of 1st period - Snap shot by Mathew Barzal.
14:21 of 1st period - Deflect By Nikita Zadorov.
14:21 of 1st period - Shot Misses the Net.
14:21 of 1st period - Puck is out of play.
14:22 of 1st period - Brayden Schenn wins face-off versus Sebastian Aho in Islanders zone.
14:22 of 1st period - Brayden Schenn is hit by Adam Fox.
14:49 of 1st period - Off-side.
14:50 of 1st period - Sam Gagner wins face-off versus Brandon Sutter in neutral zone.
15:15 of 1st period - Vladimir Tarasenko is hit by Sebastian Aho and loses puck.
15:20 of 1st period - Snap shot by Pavel Zacha.
15:20 of 1st period - Goal by Pavel Zacha - Islanders : 0 - Penguins : 2.
15:21 of 1st period - Brayden Schenn wins face-off versus Sebastian Aho in neutral zone.
15:45 of 1st period - Icing by Brock McGinn.
15:46 of 1st period - Sam Gagner wins face-off versus Brayden Schenn in Islanders zone.
15:47 of 1st period - Slapshot by Brandon Tanev.
15:47 of 1st period - Shot Misses the Net.
16:31 of 1st period - Minor Penalty to Mark Scheifele for Hooking.
16:32 of 1st period - Max Reinhart wins face-off versus Brayden Schenn in Penguins zone.
16:45 of 1st period - Brayden Schenn is hit by Marcus Foligno and loses puck.
17:04 of 1st period - Slapshot by Ryan Ellis.
17:04 of 1st period - Stopped by Ondrej Pavelec without a rebound.
17:05 of 1st period - Brayden Schenn wins face-off versus Max Reinhart in Penguins zone.
17:10 of 1st period - Wrist shot by Vladimir Tarasenko.
17:10 of 1st period - Deflect By Brock McGinn.
17:10 of 1st period - Shot Misses the Net.
17:10 of 1st period - Puck is out of play.
17:11 of 1st period - Max Reinhart wins face-off versus Brayden Schenn in Penguins zone.
17:36 of 1st period - Slapshot by Kevin Shattenkirk.
17:36 of 1st period - Deflect By John Tavares.
17:36 of 1st period - Stopped by Ondrej Pavelec with a rebound.
18:24 of 1st period - Ryan Ellis is hit by Oscar Klefbom and loses puck.
18:31 of 1st period - Penalty to Mark Scheifele is over, Mark Scheifele is back on ice.
18:49 of 1st period - Mark Scheifele is hit by Ryan Ellis and loses puck.
19:16 of 1st period - Minor Penalty to Ryan Ellis for Holding Stick.
19:17 of 1st period - John Tavares wins face-off versus Brayden Schenn in Islanders zone.
19:17 of 1st period - Wrist shot by Jakub Voracek.
19:17 of 1st period - Stopped by John Gibson with a rebound.
Goals for this period are 0 for Islanders vs 2 for Penguins.
Shots for this period are 11 for Islanders vs 11 for Penguins.
2nd period
0:01 of 2nd period - John Tavares wins face-off versus Brayden Schenn in neutral zone.
0:04 of 2nd period - Brayden Schenn is hit by Kirill Kaprizov and loses puck.
0:23 of 2nd period - Minor Penalty to Brock McGinn for Tripping.
0:24 of 2nd period - Brayden Schenn wins face-off versus John Tavares in Islanders zone.
1:16 of 2nd period - Penalty to Ryan Ellis is over, Ryan Ellis is back on ice.
2:23 of 2nd period - Penalty to Brock McGinn is over, Brock McGinn is back on ice.
2:23 of 2nd period - Brock Nelson is hit by Brandon Sutter and loses puck.
2:36 of 2nd period - Keith Aulie is hit by Dylan McIlrath and loses puck.
3:31 of 2nd period - Nikita Zadorov is hit by Nick Blankenburg and loses puck.
3:50 of 2nd period - Snap shot by Jason Akeson.
3:50 of 2nd period - Shot Misses the Net.
4:30 of 2nd period - Brian Ferlin is hit by Mark Scheifele and loses puck.
4:39 of 2nd period - Snap shot by Sebastian Aho.
4:39 of 2nd period - Stopped by John Gibson with a rebound.
4:54 of 2nd period - Gabriel Carlsson is hit by Sam Gagner and loses puck.
5:58 of 2nd period - Emerson Etem is hit by Adam Fox and loses puck.
6:09 of 2nd period - Minor Penalty to John Tavares for Tripping.
6:10 of 2nd period - Vladimir Tarasenko wins face-off versus Max Reinhart in Penguins zone.
7:36 of 2nd period - Marcus Foligno is hit by Vladimir Tarasenko and loses puck.
8:09 of 2nd period - Penalty to John Tavares is over, John Tavares is back on ice.
8:16 of 2nd period - Slapshot by Michael Latta.
8:16 of 2nd period - Shot Misses the Net.
8:18 of 2nd period - Snap shot by Jason Akeson.
8:18 of 2nd period - Shot Blocked by Nick Leddy.
8:20 of 2nd period - Backhand shot by Dylan McIlrath.
8:20 of 2nd period - Stopped by Ondrej Pavelec with a rebound.
8:26 of 2nd period - Wrist shot by Jason Akeson.
8:26 of 2nd period - Shot Misses the Net.
8:42 of 2nd period - Wrist shot by Mark Scheifele.
8:42 of 2nd period - Shot Misses the Net.
8:44 of 2nd period - Slapshot by Sebastian Aho.
8:44 of 2nd period - Stopped by John Gibson with a rebound.
8:46 of 2nd period - Snap shot by Pavel Zacha.
8:46 of 2nd period - Stopped by John Gibson with a rebound.
8:48 of 2nd period - Wrist shot by Mark Scheifele.
8:48 of 2nd period - Stopped by John Gibson with a rebound.
8:50 of 2nd period - Snap shot by Pavel Zacha.
8:50 of 2nd period - Deflect By Sebastian Aho.
8:50 of 2nd period - Shot Blocked by Dylan McIlrath.
8:50 of 2nd period - Puck is out of play.
8:51 of 2nd period - John Tavares wins face-off versus Michael Latta in Islanders zone.
8:56 of 2nd period - Snap shot by Jakub Voracek.
8:56 of 2nd period - Shot Misses the Net.
9:42 of 2nd period - Wrist shot by Vladimir Tarasenko.
9:42 of 2nd period - Shot Blocked by Marcus Foligno.
9:44 of 2nd period - Snap shot by Brock McGinn.
9:44 of 2nd period - Deflect By Vladimir Tarasenko.
9:44 of 2nd period - Stopped by Ondrej Pavelec with a rebound.
9:46 of 2nd period - Wrist shot by Brayden Schenn.
9:46 of 2nd period - Stopped by Ondrej Pavelec without a rebound.
9:47 of 2nd period - Brayden Schenn wins face-off versus John Tavares in Penguins zone.
9:48 of 2nd period - Wrist shot by Vladimir Tarasenko.
9:48 of 2nd period - Stopped by Ondrej Pavelec with a rebound.
9:50 of 2nd period - Wrist shot by Brayden Schenn.
9:50 of 2nd period - Stopped by Ondrej Pavelec with a rebound.
9:52 of 2nd period - Snap shot by Brock McGinn.
9:52 of 2nd period - Shot Blocked by Jakub Voracek.
9:54 of 2nd period - Slapshot by Yann Sauvé.
9:54 of 2nd period - Shot Blocked by Gavin Bayreuther.
9:56 of 2nd period - Snap shot by Brayden Schenn.
9:56 of 2nd period - Deflect By Brock McGinn.
9:56 of 2nd period - Goal by Brock McGinn - Islanders : 1 - Penguins : 2.
9:57 of 2nd period - John Tavares wins face-off versus Brayden Schenn in neutral zone.
10:45 of 2nd period - Sam Gagner is hit by Ryan Ellis and loses puck.
11:09 of 2nd period - Snap shot by Mathew Barzal.
11:09 of 2nd period - Deflect By Brock Nelson.
11:09 of 2nd period - Shot Misses the Net.
11:09 of 2nd period - Puck is out of play.
11:10 of 2nd period - John Tavares wins face-off versus Brayden Schenn in Islanders zone.
12:04 of 2nd period - Slapshot by Nikita Zadorov.
12:04 of 2nd period - Stopped by Ondrej Pavelec without a rebound.
12:05 of 2nd period - Max Reinhart wins face-off versus Michael Latta in Penguins zone.
12:14 of 2nd period - Snap shot by Emerson Etem.
12:14 of 2nd period - Shot Blocked by Adam Fox.
12:16 of 2nd period - Snap shot by Emerson Etem.
12:16 of 2nd period - Stopped by Ondrej Pavelec without a rebound.
12:17 of 2nd period - Brayden Schenn wins face-off versus John Tavares in Penguins zone.
12:20 of 2nd period - Wrist shot by Vladimir Tarasenko.
12:20 of 2nd period - Shot Blocked by John Tavares.
12:32 of 2nd period - Wrist shot by John Tavares.
12:32 of 2nd period - Shot Blocked by Brayden Schenn.
12:34 of 2nd period - Snap shot by John Tavares.
12:34 of 2nd period - Deflect By Brayden Schenn.
12:34 of 2nd period - Shot Misses the Net.
12:34 of 2nd period - Puck is out of play.
12:35 of 2nd period - Brandon Sutter wins face-off versus Sebastian Aho in Islanders zone.
12:37 of 2nd period - Minor Penalty to Ryan Ellis for Delaying the game.
12:38 of 2nd period - Brayden Schenn wins face-off versus John Tavares in Islanders zone.
14:33 of 2nd period - Jamie Arniel is hit by Sebastian Aho and loses puck.
14:37 of 2nd period - Penalty to Ryan Ellis is over, Ryan Ellis is back on ice.
15:11 of 2nd period - Max Reinhart is hit by Brayden Schenn and loses puck.
15:22 of 2nd period - Slapshot by Oscar Klefbom.
15:22 of 2nd period - Shot Misses the Net.
15:24 of 2nd period - Slapshot by Adam Fox.
15:24 of 2nd period - Shot Blocked by Brandon Sutter.
15:26 of 2nd period - Wrist shot by Brandon Tanev.
15:26 of 2nd period - Goal by Brandon Tanev - Islanders : 1 - Penguins : 3.
15:27 of 2nd period - Brayden Schenn wins face-off versus John Tavares in neutral zone.
16:36 of 2nd period - Snap shot by Vladimir Tarasenko.
16:36 of 2nd period - Stopped by Ondrej Pavelec with a rebound.
16:38 of 2nd period - Snap shot by Gabriel Carlsson.
16:38 of 2nd period - Shot Misses the Net.
16:40 of 2nd period - Snap shot by Dylan McIlrath.
16:40 of 2nd period - Stopped by Ondrej Pavelec without a rebound.
16:41 of 2nd period - Brayden Schenn wins face-off versus Sam Gagner in Penguins zone.
16:44 of 2nd period - Wrist shot by Vladimir Tarasenko.
16:44 of 2nd period - Stopped by Ondrej Pavelec without a rebound.
16:45 of 2nd period - Sebastian Aho wins face-off versus Brayden Schenn in Penguins zone.
16:47 of 2nd period - Minor Penalty to Adam Fox for High sticking.
16:48 of 2nd period - Brayden Schenn wins face-off versus Max Reinhart in Penguins zone.
18:47 of 2nd period - Penalty to Adam Fox is over, Adam Fox is back on ice.
19:18 of 2nd period - Jason Akeson is hit by Mark Scheifele and loses puck.
19:23 of 2nd period - Snap shot by Mark Scheifele.
19:23 of 2nd period - Shot Blocked by Dylan McIlrath.
Goals for this period are 1 for Islanders vs 1 for Penguins.
Shots for this period are 11 for Islanders vs 5 for Penguins.
3rd period
0:01 of 3rd period - John Tavares wins face-off versus Brayden Schenn in neutral zone.
0:11 of 3rd period - Oscar Klefbom is hit by Brayden Schenn and loses puck.
0:28 of 3rd period - Slapshot by Jason Akeson.
0:28 of 3rd period - Stopped by Ondrej Pavelec with a rebound.
0:30 of 3rd period - Slapshot by Nikita Zadorov.
0:30 of 3rd period - Stopped by Ondrej Pavelec without a rebound.
0:31 of 3rd period - Sebastian Aho wins face-off versus Michael Latta in Penguins zone.
0:45 of 3rd period - Wrist shot by Mark Scheifele.
0:45 of 3rd period - Stopped by John Gibson without a rebound.
0:46 of 3rd period - Brayden Schenn wins face-off versus John Tavares in Islanders zone.
1:05 of 3rd period - Vladimir Tarasenko is hit by Jakub Voracek and loses puck.
1:23 of 3rd period - Ryan Ellis is hit by Keith Aulie and loses puck.
1:39 of 3rd period - Wrist shot by Jason Akeson.
1:39 of 3rd period - Shot Misses the Net.
1:45 of 3rd period - Wrist shot by Brandon Tanev.
1:45 of 3rd period - Deflect By Sam Gagner.
1:45 of 3rd period - Stopped by John Gibson without a rebound.
1:46 of 3rd period - John Tavares wins face-off versus Brayden Schenn in Islanders zone.
2:01 of 3rd period - Minor Penalty to Adam Fox for Interference.
2:02 of 3rd period - Brayden Schenn wins face-off versus Max Reinhart in Penguins zone.
2:29 of 3rd period - Kellan Lain is hit by Keith Aulie and loses puck.
4:01 of 3rd period - Penalty to Adam Fox is over, Adam Fox is back on ice.
4:25 of 3rd period - Slapshot by Adam Fox.
4:25 of 3rd period - Stopped by John Gibson with a rebound.
4:27 of 3rd period - Wrist shot by Brandon Tanev.
4:27 of 3rd period - Goal by Brandon Tanev - Islanders : 1 - Penguins : 4.
4:28 of 3rd period - Brayden Schenn wins face-off versus John Tavares in neutral zone.
5:02 of 3rd period - Wrist shot by Mark Scheifele.
5:02 of 3rd period - Stopped by John Gibson with a rebound.
5:04 of 3rd period - Snap shot by Mark Scheifele.
5:04 of 3rd period - Stopped by John Gibson with a rebound.
5:06 of 3rd period - Snap shot by Sebastian Aho.
5:06 of 3rd period - Shot Misses the Net.
5:08 of 3rd period - Wrist shot by Pavel Zacha.
5:08 of 3rd period - Stopped by John Gibson without a rebound.
5:09 of 3rd period - Sam Gagner wins face-off versus Brayden Schenn in Islanders zone.
5:10 of 3rd period - Wrist shot by Brandon Tanev.
5:10 of 3rd period - Stopped by John Gibson without a rebound.
5:11 of 3rd period - Sam Gagner wins face-off versus Brayden Schenn in Islanders zone.
5:17 of 3rd period - Minor Penalty to Vladimir Tarasenko for Roughing.
5:18 of 3rd period - Brayden Schenn wins face-off versus John Tavares in Islanders zone.
5:30 of 3rd period - Snap shot by Oscar Klefbom.
5:30 of 3rd period - Deflect By Ryan Ellis.
5:30 of 3rd period - Goal by Oscar Klefbom - Islanders : 1 - Penguins : 5.
5:31 of 3rd period - Brayden Schenn wins face-off versus John Tavares in neutral zone.
5:37 of 3rd period - Minor Penalty to John Tavares for Slashing.
5:38 of 3rd period - Brayden Schenn wins face-off versus Max Reinhart in Penguins zone.
5:40 of 3rd period - Snap shot by Vladimir Tarasenko.
5:40 of 3rd period - Deflect By Brayden Schenn.
5:40 of 3rd period - Stopped by Ondrej Pavelec with a rebound.
6:09 of 3rd period - Wrist shot by Brandon Sutter.
6:09 of 3rd period - Shot Misses the Net.
7:37 of 3rd period - Penalty to John Tavares is over, John Tavares is back on ice.
7:59 of 3rd period - Minor Penalty to Emerson Etem for Interference.
8:00 of 3rd period - John Tavares wins face-off versus Brayden Schenn in Islanders zone.
9:58 of 3rd period - Kevin Shattenkirk is hit by Adam Fox.
9:59 of 3rd period - Penalty to Emerson Etem is over, Emerson Etem is back on ice.
10:06 of 3rd period - Snap shot by Brock Nelson.
10:06 of 3rd period - Shot Misses the Net.
10:18 of 3rd period - Mathew Barzal is hit by Emerson Etem and loses puck.
10:35 of 3rd period - Max Reinhart is hit by Emerson Etem and loses puck.
10:58 of 3rd period - Snap shot by Nick Blankenburg.
10:58 of 3rd period - Shot Blocked by Gabriel Carlsson.
11:00 of 3rd period - Slapshot by Nick Blankenburg.
11:00 of 3rd period - Shot Misses the Net.
11:02 of 3rd period - Snap shot by Nick Blankenburg.
11:02 of 3rd period - Stopped by John Gibson without a rebound.
11:03 of 3rd period - Brayden Schenn wins face-off versus John Tavares in Islanders zone.
11:20 of 3rd period - Snap shot by Vladimir Tarasenko.
11:20 of 3rd period - Shot Misses the Net.
11:30 of 3rd period - Brian Ferlin is hit by Sebastian Aho and loses puck.
12:03 of 3rd period - Emerson Etem is hit by Kirill Kaprizov and loses puck.
12:34 of 3rd period - Wrist shot by Garnet Hathaway.
12:34 of 3rd period - Shot Blocked by Nick Leddy.
13:24 of 3rd period - Ryan Ellis is hit by Kirill Kaprizov and loses puck.
13:43 of 3rd period - Mark Scheifele is hit by Yann Sauvé and loses puck.
14:34 of 3rd period - Max Reinhart is hit by Jamie Arniel and loses puck.
14:45 of 3rd period - Slapshot by Adam Fox.
14:45 of 3rd period - Stopped by John Gibson with a rebound.
14:51 of 3rd period - Snap shot by John Tavares.
14:51 of 3rd period - Shot Blocked by Dylan McIlrath.
16:00 of 3rd period - Minor Penalty to Brian Ferlin for Tripping.
16:01 of 3rd period - Brayden Schenn wins face-off versus Jakub Voracek in Islanders zone.
16:54 of 3rd period - Wrist shot by Brandon Sutter.
16:54 of 3rd period - Stopped by Ondrej Pavelec with a rebound.
17:08 of 3rd period - Oscar Klefbom is hit by Brayden Schenn and loses puck.
17:23 of 3rd period - John Tavares is hit by Brandon Sutter and loses puck.
18:00 of 3rd period - Penalty to Brian Ferlin is over, Brian Ferlin is back on ice.
18:05 of 3rd period - Brock Nelson is hit by Dylan McIlrath and loses puck.
18:25 of 3rd period - Adam Fox is hit by Brian Ferlin and loses puck.
18:32 of 3rd period - Nick Blankenburg is hit by Gabriel Carlsson and loses puck.
18:37 of 3rd period - Snap shot by Brian Ferlin.
18:37 of 3rd period - Shot Blocked by Nick Blankenburg.
18:39 of 3rd period - Snap shot by Emerson Etem.
18:39 of 3rd period - Shot Misses the Net.
18:41 of 3rd period - Slapshot by Dylan McIlrath.
18:41 of 3rd period - Stopped by Ondrej Pavelec without a rebound.
18:42 of 3rd period - Brayden Schenn wins face-off versus Max Reinhart in Penguins zone.
19:28 of 3rd period - Garnet Hathaway is hit by Brandon Tanev and loses puck.
Goals for this period are 0 for Islanders vs 2 for Penguins.
Shots for this period are 5 for Islanders vs 11 for Penguins.